Construct Section Command Post
Selects Indian Artillery Battlegroup
Selects Towed ML 4.2-inch Heavy Mortar
Towed ML 4.2-inch Heavy Mortar
Construct Platoon Command Post
6-pounder Anti-tank Gun Team
Selects Off-map Airburst Barrage
Towed ML 4.2-inch Heavy Mortar
Construct Company Command Post
Selects BL5.5 Artillery Emplacement
Unlock M3 Grant Medium Tanks
Selects Gurkha Rifles Section
Selects Volunteer Infantry